 Dungeon Crawl Stone Soup version 0.21.1-1-g345015f (webtiles) character file.

25843 tidbits the Covert (level 13, -8/101 HPs)
             Began as a Gnoll Assassin on Mar 30, 2018.
             Was an Elder of Cheibriados.
             Engulfed by an ice statue's freezing vapour (15 damage)
             ... in an ice cave.
             The game lasted 00:59:31 (4581 turns).

tidbits the Covert (Gnoll Assassin)                 Turns: 4581, Time: 00:59:32

Health: -8/101     AC: 12    Str: 24    XL:     13   Next: 22%
Magic:  20/24      EV: 20    Int: 32    God:    Cheibriados [****..]
Gold:   304        SH:  7    Dex: 25    Spells: 10/27 levels left

rFire    x . .     SeeInvis .   b - +7 war axe of Kaimmewi {flame, rPois Int+5}
rCold    + . .     Gourm    .   D - +0 buckler
rNeg     . . .     Faith    .   B - +0 troll leather armour
rPois    +         Spirit   .   E - +2 helmet
rElec    .         Reflect  .   C - +0 cloak
rCorr    .         Harm     .   G - +0 pair of gloves
MR       .....                  F - +0 pair of boots
Stlth    ++++++....             (no amulet)
HPRegen  0.66/turn              m - ring of stealth
MPRegen  0.19/turn              P - ring of ice

@: shrouded, very slow
A: distributed training, fangs 1, strong nose
a: Bend Time, Temporal Distortion, Slouch, Renounce Religion


You were in an ice cave.
You worshipped Cheibriados.
Cheibriados was greatly pleased with you.
You were not hungry.

You visited 2 branches of the dungeon, and saw 14 of its levels.
You also visited: Ossuary and Ice Cave.

You collected 640 gold pieces.
You spent 336 gold pieces at shops.

Inventory:

Hand Weapons
 a - a +2 dagger
 b - the +7 war axe of Kaimmewi (weapon) {flame, rPois Int+5}
   (You found it on level 7 of the Dungeon)

   It has been specially enchanted to burn those struck by it, causing extra
   injury to most foes and up to half again as much damage against particularly
   susceptible opponents.
   Big, fiery blades are also staple armaments of hydra-hunters.
   It affects your intelligence (+5).
   It protects you from poison.
 g - a +0 blowgun
 p - a +2 hunting sling of flaming
   (You took it off Joseph on level 8 of the Dungeon)
 H - a +1 flail of protection
   (You took it off an orc on level 4 of the Dungeon)
 J - a +0 hand crossbow
 N - a +1 flail of holy wrath
   (You found it on level 6 of the Dungeon)
 R - a +0 scimitar of flaming
   (You took it off an efreet on level 10 of the Dungeon)
 V - the +4 falchion of the Jester {slice, +Blink rN+ Stlth-}
   (You found it on level 5 of the Dungeon)

   It inflicts extra damage upon your enemies.
   It protects you from negative energy.
   It lets you blink.
   It makes you less stealthy.
Missiles
 j - 51 sling bullets
 l - 4 tomahawks (quivered)
 u - 49 arrows
 v - 44 bolts
 X - 2 curare-tipped needles
Armour
 B - a +0 troll leather armour (worn)
 C - a +0 cloak (worn)
 D - a +0 buckler (worn)
 E - a +2 helmet (worn)
 F - a +0 pair of boots (worn)
 G - a +0 pair of gloves (worn)
 I - a +3 ring mail of poison resistance
   (You took it off Joseph on level 8 of the Dungeon)
 Q - a +0 robe of cold resistance
   (You took it off a spriggan on level 8 of the Dungeon)
 T - a +2 robe of positive energy
   (You took it off Nergalle on level 11 of the Dungeon)
Jewellery
 m - a ring of stealth (left hand)
   (You found it on level 2 of the Dungeon)
 M - an uncursed ring of poison resistance
   (You found it on level 12 of the Dungeon)
 P - a ring of ice (right hand)
   (You found it on level 6 of the Dungeon)
Wands
 i - a wand of flame (28)
 n - a wand of enslavement (11)
 O - a wand of clouds (6)
 S - a wand of digging (16)
Scrolls
 f - a scroll of enchant weapon
 h - a scroll of fear
 k - 3 scrolls of fog
 o - a scroll of immolation
 q - a scroll of blinking
 r - 6 scrolls of remove curse
 x - a scroll of magic mapping
 y - 6 scrolls of teleportation
 A - 4 scrolls of amnesia
 Z - a scroll of summoning {unknown}
Potions
 t - 2 potions of mutation {unknown}
 w - 3 potions of flight
 z - a potion of invisibility {unknown}
 K - 2 potions of curing
 L - a potion of lignification
 U - 2 potions of brilliance
Books
 d - a Young Poisoner's Handbook
   (You found it on level 9 of the Dungeon)

   Spells                             Type                      Level
   a - Sting                          Conjuration/Poison           1
   b - Poisonous Vapours              Poison/Air                   2
   c - Mephitic Cloud                 Conjuration/Poison/Air       3
   d - Olgreb's Toxic Radiance        Poison                       4
   e - Venom Bolt                     Conjuration/Poison           5
 e - a book of Battle
   (You found it on level 13 of the Dungeon)

   Spells                             Type                      Level
   a - Infusion                       Charms                       1
   b - Shroud of Golubria             Charms/Translocation         2
   c - Song of Slaying                Charms                       2
   d - Spectral Weapon                Hexes/Charms                 3
   e - Regeneration                   Charms/Necromancy            3
 W - a book of Conjurations
   (You found it on level 7 of the Dungeon)

   Spells                             Type                      Level
   a - Magic Dart                     Conjuration                  1
   b - Searing Ray                    Conjuration                  2
   c - Dazzling Spray                 Conjuration/Hexes            3
   d - Fulminant Prism                Conjuration/Hexes            4
   e - Force Lance                    Conjuration/Translocation    4
   f - Iskenderun's Mystic Blast      Conjuration                  4
Comestibles
 c - 8 rations


   Skills:
 + Level 9.2 Fighting
 + Level 9.2 Short Blades
 + Level 7.9 Long Blades
 + Level 7.9 Axes
 + Level 7.9 Maces & Flails
 + Level 7.9 Polearms
 + Level 7.9 Staves
 + Level 7.9 Slings
 + Level 7.9 Bows
 + Level 7.9 Crossbows
 + Level 9.2 Throwing
 + Level 7.9 Armour
 + Level 8.4 Dodging
 + Level 11.0 Stealth
 + Level 7.9 Shields
 + Level 7.9 Unarmed Combat
 + Level 7.9 Spellcasting
 + Level 6.6 Conjurations
 + Level 6.6 Hexes
 + Level 6.6 Charms
 + Level 6.6 Summonings
 + Level 6.6 Necromancy
 + Level 6.6 Translocations
 + Level 6.6 Transmutations
 + Level 6.6 Fire Magic
 + Level 6.6 Ice Magic
 + Level 6.6 Air Magic
 + Level 6.6 Earth Magic
 + Level 6.6 Poison Magic
 + Level 8.7 Invocations
 + Level 7.9 Evocations


You had 10 spell levels left.
You knew the following spells:

 Your Spells              Type           Power        Failure   Level  Hunger
g - Shroud of Golubria    Chrm/Tloc      ######....   1%          2    None
m - Mephitic Cloud        Conj/Pois/Air  ######..     1%          3    None
r - Regeneration          Chrm/Necr      ######....   1%          3    None
w - Spectral Weapon       Hex/Chrm       ######..     1%          3    None
y - Song of Slaying       Chrm           ######..     1%          2    None
O - Olgreb's Toxic Radia  Pois           ######..     2%          4    None


Dungeon Overview and Level Annotations

Branches:
Dungeon (13/15)            Temple (1/1) D:5            Lair (0/6) D:9
    Orc: D:9-12      Vaults: D:13-14

Altars:
Ashenzari
Cheibriados
Dithmenos
Elyvilon
Fedhas
Gozag
Hepliaklqana
Kikubaaqudgha
Makhleb
Nemelex Xobeh
Okawaru
Qazlal
Ru
Trog
Uskayaw
Vehumet
Wu Jian
Xom
Yredelemnul
Zin

Shops:
D:7 ?[

Annotations:
D:5 AdmiralAndromeda's ghost, novice TrHu IceCv exclusion: ice statue


Innate Abilities, Weirdness & Mutations

Your experience applies equally to all skills.
You have very sharp teeth.
Your uncanny sense of smell can sniff out nearby items.


Message History

You hit the ice beast but do no damage. You slash the ice beast!
You melt the ice beast!
You are engulfed in freezing vapours.
You resist.
* * * LOW HITPOINT WARNING * * *
Your skin is crawling a little less now.
The ice statue gestures at you. The bolt of cold misses you.
The ice statue glitters chillingly in the dim dungeon light.
The ice beast hits you but does no damage.
The ice beast completely misses you.
The ice beast hits you but does no damage.
You slice the ice statue!!
You melt the ice statue.
You bite the ice statue, but do no damage.
The ice statue is almost destroyed.
You hit the ice beast but do no damage. You slash the ice beast!
You melt the ice beast.
You slash the ice beast!
You melt the ice beast.
You kill the ice beast!
The ice beast hits you.
* * * LOW HITPOINT WARNING * * *
The ice beast freezes you. You resist.
* * * LOW HITPOINT WARNING * * *
The ice beast misses you.
You hit the ice statue but do no damage.
The ice statue is almost destroyed.
You hit the ice beast.
You melt the ice beast.
You kill the ice beast!
You hit the ice beast.
You melt the ice beast.
The ice beast completely misses you.
The ice statue glitters chillingly in the dim dungeon light.
The ice statue gestures.
You hit the ice statue.
You melt the ice statue.
The ice statue is almost destroyed.
You hit the ice beast but do no damage.
Your song is almost over.
The ice beast closely misses you.
You slash the ice statue!
You melt the ice statue.
You destroy the ice statue!
Cheibriados thoroughly appreciates the change of pace.
The ice beast disappears in a puff of smoke! x2
Okay, then.
Unknown command.
Your skin stops crawling.
The ice statue gestures at you. The bolt of cold misses you.
The ice statue gestures.
You hit the ice statue but do no damage.
You barely miss the ice beast. The ice statue gestures at you.
The shard of ice hits you! You partially resist.
* * * LOW HITPOINT WARNING * * *
You block the ice beast's attack.
You feel better.
Your song has ended.
You block the ice beast's attack.
Casting: Song of Slaying
Confirm with . or Enter, or press ? or * to list all spells.
You draw out your weapon's spirit!
The ice statue gestures at you. The freezing blast misses you.
You block the ice beast's attack.
You slash the ice statue!
You melt the ice statue.
The ice statue is lightly damaged.
You slash the ice beast!
You melt the ice beast.
You are engulfed in freezing vapours.
You resist.
* * * LOW HITPOINT WARNING * * *
Your spectral weapon is engulfed in freezing vapours.
Your spectral weapon barely misses the ice statue.
The ice statue gestures at you. The freezing blast engulfs you! You resist.
* * * LOW HITPOINT WARNING * * *
The ice beast closely misses you.
Your spectral weapon is engulfed in freezing vapours.
You hit the ice statue but do no damage.
You bite the ice statue, but do no damage.
The ice statue is lightly damaged.
You hit the ice beast.
You melt the ice beast.
You are engulfed in freezing vapours.
You resist.
* * * LOW HITPOINT WARNING * * *
Your spectral weapon is engulfed in freezing vapours.
Your spectral weapon shares its damage with you!
Your spectral weapon hits the ice statue!
Your spectral weapon melts the ice statue.
* * * LOW HITPOINT WARNING * * *
Your spectral weapon is engulfed in freezing vapours.
The ice statue gestures at you. The bolt of cold misses you.
You block the ice beast's attack.
Your spectral weapon is engulfed in freezing vapours.
The ice statue gestures at you. The freezing blast misses you.
Unknown command.
You feel better.
You are engulfed in freezing vapours.
You resist.
* * * LOW HITPOINT WARNING * * *
Your spectral weapon is engulfed in freezing vapours.
Your spectral weapon shares its damage with you!
* * * LOW HITPOINT WARNING * * *
The ice beast closely misses you.
Your spectral weapon is engulfed in freezing vapours.
You hit the ice statue but do no damage.
The ice statue is heavily damaged.
You hit the ice beast.
You melt the ice beast.
You are engulfed in freezing vapours.
You resist.
You die...

#####
###...####
##........##
#..........##
#...........##
#.8..........#
#!.[.........#
#.=.Y§§..©.∩.#
#:.§§@§......#
#.8.§8§......#
#....(......##
#..........##
##........##
###...####
#####


You could see an ice statue, an ice beast and a friendly spectral war axe of
Kaimmewi {flame, rPois Int+5}.

Vanquished Creatures
  Rupert (D:12)
  Azrael (D:12)
  Josephine (D:11)
  An ogre mage (D:11)
  11 two-headed ogres
  Nergalle (D:11)
  2 unseen horrors
  Pikel (D:6)
  A deep elf mage (D:10)
  2 ugly things
  Maurice (D:8)
  2 cyclopes (D:11)
  Joseph (D:8)
  An ice statue (IceCv)
  An efreet (D:10)
  2 trolls (D:10)
  Prince Ribbit (D:6)
  3 hippogriffs
  6 spriggans (D:8)
  A shadow (D:11)
  A vampire (D:12)
  4 fire elementals (D:12)
  2 wyverns
  4 yaks (D:6)
  4 wraiths (D:11)
  A hungry ghost (D:6)
  A water moccasin (D:7)
  4 hell hounds (D:12)
  7 ice beasts
  5 orc warriors
  4 phantoms
  3 ogres
  2 necrophages (D:7)
  3 big kobolds
  5 bullfrogs
  3 scorpions
  7 howler monkeys
  2 crimson imps
  A centaur zombie (D:8)
  4 hounds
  A quasit (D:8)
  7 orc wizards
  4 orc priests
  A bullfrog skeleton (D:9)
  2 jellies
  3 centaur skeletons
  An iguana (D:11)
  Natasha (D:4)
  2 worker ants
  A hound zombie (D:6)
  2 hound skeletons
  2 worker ant zombies
  2 howler monkey skeletons
  10 gnolls
  14 adders
  A shadow imp (D:6)
  An adder zombie (D:5)
  2 worms
  2 dart slugs (D:2)
  3 leopard geckos
  33 orcs
  4 giant cockroaches
  3 goblins
  7 hobgoblins
  6 jackals
  3 quokkas
  3 ball pythons (D:5)
  4 bats
  4 frilled lizards
  A jackal skeleton (D:6)
  10 kobolds
  A leopard gecko skeleton (D:7)
  7 rats
256 creatures vanquished.

Vanquished Creatures (others)
  An ugly thing (IceCv)
  A jackal (D:10)
2 creatures vanquished.

Grand Total: 258 creatures vanquished

Notes
Turn   | Place    | Note
-------+----------+-------------------------------------------
     0 | D:1      | tidbits the Gnoll Assassin began the quest for the Orb.
     0 | D:1      | Reached XP level 1. HP: 20/20 MP: 1/1
   111 | D:1      | Reached XP level 2. HP: 20/26 MP: 2/2
   283 | D:2      | Reached XP level 3. HP: 14/31 MP: 3/3
   356 | D:2      | Reached skill level 1 in Invocations
   415 | D:2      | Reached skill level 1 in Long Blades
   415 | D:2      | Reached skill level 1 in Axes
   415 | D:2      | Reached skill level 1 in Maces & Flails
   415 | D:2      | Reached skill level 1 in Polearms
   415 | D:2      | Reached skill level 1 in Staves
   415 | D:2      | Reached skill level 1 in Slings
   415 | D:2      | Reached skill level 1 in Bows
   415 | D:2      | Reached skill level 1 in Crossbows
   415 | D:2      | Reached skill level 1 in Armour
   415 | D:2      | Reached skill level 1 in Shields
   415 | D:2      | Reached skill level 1 in Unarmed Combat
   415 | D:2      | Reached skill level 1 in Spellcasting
   415 | D:2      | Reached skill level 1 in Evocations
   415 | D:2      | Reached XP level 4. HP: 21/38 MP: 5/5
   481 | D:2      | Reached skill level 1 in Conjurations
   481 | D:2      | Reached skill level 1 in Hexes
   481 | D:2      | Reached skill level 1 in Charms
   481 | D:2      | Reached skill level 1 in Summonings
   481 | D:2      | Reached skill level 1 in Necromancy
   481 | D:2      | Reached skill level 1 in Translocations
   481 | D:2      | Reached skill level 1 in Transmutations
   481 | D:2      | Reached skill level 1 in Fire Magic
   481 | D:2      | Reached skill level 1 in Ice Magic
   481 | D:2      | Reached skill level 1 in Air Magic
   481 | D:2      | Reached skill level 1 in Earth Magic
   481 | D:2      | Reached skill level 1 in Poison Magic
   722 | D:2      | Reached XP level 5. HP: 41/43 MP: 6/6
  1003 | D:3      | Reached skill level 3 in Dodging
  1170 | D:5      | Entered Level 5 of the Dungeon
  1180 | D:5      | Noticed an ogre
  1187 | D:5      | Killed an ogre
  1187 | D:5      | Reached skill level 8 in Stealth
  1187 | D:5      | Reached skill level 2 in Invocations
  1187 | D:5      | Reached XP level 6. HP: 32/50 MP: 8/8
  1241 | D:5      | Reached skill level 5 in Fighting
  1241 | D:5      | Reached skill level 5 in Short Blades
  1241 | D:5      | Reached skill level 5 in Throwing
  1251 | D:5      | Found a sand-covered staircase.
  1256 | Ossuary  | Entered an ossuary
  1306 | Ossuary  | Noticed a wraith
  1306 | Ossuary  | Noticed a flying skull
  1317 | Ossuary  | Noticed a flying skull
  1413 | D:5      | Reached skill level 2 in Long Blades
  1413 | D:5      | Reached skill level 2 in Axes
  1413 | D:5      | Reached skill level 2 in Maces & Flails
  1413 | D:5      | Reached skill level 2 in Polearms
  1413 | D:5      | Reached skill level 2 in Staves
  1413 | D:5      | Reached skill level 2 in Slings
  1413 | D:5      | Reached skill level 2 in Bows
  1413 | D:5      | Reached skill level 2 in Crossbows
  1413 | D:5      | Reached skill level 2 in Armour
  1413 | D:5      | Reached skill level 2 in Shields
  1413 | D:5      | Reached skill level 2 in Unarmed Combat
  1413 | D:5      | Reached skill level 2 in Spellcasting
  1413 | D:5      | Reached skill level 2 in Evocations
  1444 | D:5      | Got an iridescent falchion
  1445 | D:5      | Identified the +4 falchion of the Jester {slice, +Blink rN+ Stlth-} (You found it on level 5 of the Dungeon)
  1513 | D:5      | Noticed a hippogriff
  1520 | D:5      | Killed a hippogriff
  1520 | D:5      | Reached XP level 7. HP: 49/56 MP: 10/10
  1560 | D:5      | Found an ancient bone altar of Kikubaaqudgha.
  1578 | D:5      | Noticed AdmiralAndromeda's ghost (novice TrHu)
  1627 | D:4      | Reached skill level 2 in Conjurations
  1627 | D:4      | Reached skill level 2 in Hexes
  1627 | D:4      | Reached skill level 2 in Charms
  1627 | D:4      | Reached skill level 2 in Summonings
  1627 | D:4      | Reached skill level 2 in Necromancy
  1627 | D:4      | Reached skill level 2 in Translocations
  1627 | D:4      | Reached skill level 2 in Transmutations
  1627 | D:4      | Reached skill level 2 in Fire Magic
  1627 | D:4      | Reached skill level 2 in Ice Magic
  1627 | D:4      | Reached skill level 2 in Air Magic
  1627 | D:4      | Reached skill level 2 in Earth Magic
  1627 | D:4      | Reached skill level 2 in Poison Magic
  1650 | D:4      | HP: 1/56 [orc/trident (6)]
  1778 | D:4      | Found a radiant altar of Vehumet.
  1801 | D:4      | Noticed Natasha
  1807 | D:4      | Killed Natasha
  1883 | D:5      | Found a staircase to the Ecumenical Temple.
  1892 | Temple   | Entered the Ecumenical Temple
  1948 | Temple   | Became a worshipper of Cheibriados the Contemplative
  1992 | D:6      | Reached skill level 3 in Invocations
  2004 | D:6      | Noticed a hungry ghost
  2010 | D:6      | Killed a hungry ghost
  2010 | D:6      | Reached XP level 8. HP: 63/63 MP: 12/12
  2108 | D:6      | Reached skill level 3 in Long Blades
  2108 | D:6      | Reached skill level 3 in Axes
  2108 | D:6      | Reached skill level 3 in Maces & Flails
  2108 | D:6      | Reached skill level 3 in Polearms
  2108 | D:6      | Reached skill level 3 in Staves
  2108 | D:6      | Reached skill level 3 in Slings
  2108 | D:6      | Reached skill level 3 in Bows
  2108 | D:6      | Reached skill level 3 in Crossbows
  2108 | D:6      | Reached skill level 3 in Armour
  2108 | D:6      | Reached skill level 4 in Dodging
  2108 | D:6      | Reached skill level 3 in Shields
  2108 | D:6      | Reached skill level 3 in Unarmed Combat
  2108 | D:6      | Reached skill level 3 in Spellcasting
  2108 | D:6      | Reached skill level 3 in Evocations
  2139 | D:6      | Noticed Prince Ribbit
  2151 | D:6      | Killed Prince Ribbit
  2275 | D:6      | Noticed Pikel
  2277 | D:6      | Killed Pikel
  2277 | D:6      | Reached skill level 6 in Fighting
  2277 | D:6      | Reached skill level 6 in Short Blades
  2277 | D:6      | Reached skill level 6 in Throwing
  2277 | D:6      | Reached skill level 3 in Conjurations
  2277 | D:6      | Reached skill level 3 in Hexes
  2277 | D:6      | Reached skill level 3 in Charms
  2277 | D:6      | Reached skill level 3 in Summonings
  2277 | D:6      | Reached skill level 3 in Necromancy
  2277 | D:6      | Reached skill level 3 in Translocations
  2277 | D:6      | Reached skill level 3 in Transmutations
  2277 | D:6      | Reached skill level 3 in Fire Magic
  2277 | D:6      | Reached skill level 3 in Ice Magic
  2277 | D:6      | Reached skill level 3 in Air Magic
  2277 | D:6      | Reached skill level 3 in Earth Magic
  2277 | D:6      | Reached skill level 3 in Poison Magic
  2277 | D:6      | Reached skill level 4 in Invocations
  2277 | D:6      | Reached XP level 9. HP: 64/69 MP: 14/14
  2301 | D:6      | Reached * piety under Cheibriados
  2352 | D:6      | Reached skill level 4 in Long Blades
  2352 | D:6      | Reached skill level 4 in Axes
  2352 | D:6      | Reached skill level 4 in Maces & Flails
  2352 | D:6      | Reached skill level 4 in Polearms
  2352 | D:6      | Reached skill level 4 in Staves
  2352 | D:6      | Reached skill level 4 in Slings
  2352 | D:6      | Reached skill level 4 in Bows
  2352 | D:6      | Reached skill level 4 in Crossbows
  2352 | D:6      | Reached skill level 4 in Armour
  2352 | D:6      | Reached skill level 4 in Shields
  2352 | D:6      | Reached skill level 4 in Unarmed Combat
  2352 | D:6      | Reached skill level 4 in Spellcasting
  2352 | D:6      | Reached skill level 4 in Evocations
  2364 | D:6      | Reached skill level 5 in Dodging
  2402 | D:7      | Reached skill level 9 in Stealth
  2417 | D:7      | Found Gubisirgh's Armour Emporium.
  2420 | D:7      | Bought a +2 helmet for 231 gold pieces
  2484 | D:7      | Bought a +0 pair of gloves for 63 gold pieces
  2528 | D:7      | Found an ornate altar of the Wu Jian Council.
  2631 | D:7      | Got a brightly glowing war axe
  2632 | D:7      | Identified the +7 war axe of Kaimmewi {flame, rPois Int+5} (You found it on level 7 of the Dungeon)
  2653 | D:7      | Reached ** piety under Cheibriados
  2653 | D:7      | Reached skill level 5 in Invocations
  2745 | D:7      | Found Egahel's Magic Scroll Boutique.
  2751 | D:7      | Bought a scroll of teleportation for 42 gold pieces
  2823 | D:9      | Noticed a two-headed ogre
  2842 | D:9      | Reached XP level 10. HP: 77/77 MP: 17/17
  2874 | D:8      | Reached skill level 4 in Conjurations
  2874 | D:8      | Reached skill level 4 in Hexes
  2874 | D:8      | Reached skill level 4 in Charms
  2874 | D:8      | Reached skill level 4 in Summonings
  2874 | D:8      | Reached skill level 4 in Necromancy
  2874 | D:8      | Reached skill level 4 in Translocations
  2874 | D:8      | Reached skill level 4 in Transmutations
  2874 | D:8      | Reached skill level 4 in Fire Magic
  2874 | D:8      | Reached skill level 4 in Ice Magic
  2874 | D:8      | Reached skill level 4 in Air Magic
  2874 | D:8      | Reached skill level 4 in Earth Magic
  2874 | D:8      | Reached skill level 4 in Poison Magic
  2896 | D:8      | Noticed Joseph
  2916 | D:8      | Killed Joseph
  2916 | D:8      | Reached skill level 5 in Long Blades
  2916 | D:8      | Reached skill level 5 in Axes
  2916 | D:8      | Reached skill level 5 in Maces & Flails
  2916 | D:8      | Reached skill level 5 in Polearms
  2916 | D:8      | Reached skill level 5 in Staves
  2916 | D:8      | Reached skill level 5 in Slings
  2916 | D:8      | Reached skill level 5 in Bows
  2916 | D:8      | Reached skill level 5 in Crossbows
  2916 | D:8      | Reached skill level 5 in Armour
  2916 | D:8      | Reached skill level 5 in Shields
  2916 | D:8      | Reached skill level 5 in Unarmed Combat
  2916 | D:8      | Reached skill level 5 in Spellcasting
  2916 | D:8      | Reached skill level 5 in Evocations
  2938 | D:8      | Reached skill level 7 in Fighting
  2938 | D:8      | Reached skill level 7 in Short Blades
  2938 | D:8      | Reached skill level 7 in Throwing
  2970 | D:8      | Reached *** piety under Cheibriados
  2988 | D:8      | Reached skill level 6 in Dodging
  3079 | D:9      | Killed a two-headed ogre
  3079 | D:9      | Reached skill level 6 in Invocations
  3083 | D:9      | Noticed a two-headed ogre
  3178 | D:8      | Noticed Maurice
  3187 | D:8      | Killed Maurice
  3325 | D:9      | Killed a two-headed ogre
  3325 | D:9      | Reached XP level 11. HP: 70/84 MP: 15/19
  3395 | D:9      | Noticed a death yak
  3399 | D:10     | Entered Level 10 of the Dungeon
  3404 | D:10     | Noticed a two-headed ogre
  3424 | D:10     | Killed a two-headed ogre
  3424 | D:10     | Reached skill level 6 in Long Blades
  3424 | D:10     | Reached skill level 6 in Axes
  3424 | D:10     | Reached skill level 6 in Maces & Flails
  3424 | D:10     | Reached skill level 6 in Polearms
  3424 | D:10     | Reached skill level 6 in Staves
  3424 | D:10     | Reached skill level 6 in Slings
  3424 | D:10     | Reached skill level 6 in Bows
  3424 | D:10     | Reached skill level 6 in Crossbows
  3424 | D:10     | Reached skill level 6 in Armour
  3424 | D:10     | Reached skill level 6 in Shields
  3424 | D:10     | Reached skill level 6 in Unarmed Combat
  3424 | D:10     | Reached skill level 6 in Spellcasting
  3424 | D:10     | Reached skill level 6 in Evocations
  3450 | D:10     | Noticed a two-headed ogre
  3463 | D:10     | Killed a two-headed ogre
  3463 | D:10     | Reached skill level 5 in Conjurations
  3463 | D:10     | Reached skill level 5 in Hexes
  3463 | D:10     | Reached skill level 5 in Charms
  3463 | D:10     | Reached skill level 5 in Summonings
  3463 | D:10     | Reached skill level 5 in Necromancy
  3463 | D:10     | Reached skill level 5 in Translocations
  3463 | D:10     | Reached skill level 5 in Transmutations
  3463 | D:10     | Reached skill level 5 in Fire Magic
  3463 | D:10     | Reached skill level 5 in Ice Magic
  3463 | D:10     | Reached skill level 5 in Air Magic
  3463 | D:10     | Reached skill level 5 in Earth Magic
  3463 | D:10     | Reached skill level 5 in Poison Magic
  3541 | D:10     | HP: 1/85 [troll (13)]
  3544 | D:10     | Reached **** piety under Cheibriados
  3569 | D:10     | Noticed a two-headed ogre
  3577 | D:10     | Killed a two-headed ogre
  3577 | D:10     | Reached skill level 10 in Stealth
  3626 | D:9      | Noticed a two-headed ogre
  3639 | D:9      | Killed a two-headed ogre
  3645 | D:9      | Reached skill level 7 in Invocations
  3667 | D:9      | Learned a level 3 spell: Mephitic Cloud
  3672 | D:9      | Learned a level 4 spell: Olgreb's Toxic Radiance
  3705 | D:9      | Noticed a death yak
  3710 | D:9      | Noticed a death yak
  3799 | D:10     | Reached skill level 8 in Fighting
  3799 | D:10     | Reached skill level 8 in Short Blades
  3799 | D:10     | Reached skill level 8 in Throwing
  3799 | D:10     | Reached skill level 7 in Dodging
  3850 | D:11     | Found a snail-covered altar of Cheibriados.
  3851 | D:11     | Noticed an ogre mage
  3852 | D:11     | Noticed a two-headed ogre
  3852 | D:11     | Noticed a two-headed ogre
  3855 | D:11     | Noticed a two-headed ogre
  3856 | D:11     | Noticed a two-headed ogre
  3857 | D:11     | Killed an ogre mage
  3857 | D:11     | Killed an unseen horror
  3858 | D:11     | Noticed a two-headed ogre
  3858 | D:11     | Killed a two-headed ogre
  3860 | D:11     | Killed a two-headed ogre
  3860 | D:11     | Reached XP level 12. HP: 60/93 MP: 4/22
  3860 | D:11     | Killed a two-headed ogre
  3862 | D:11     | Killed a two-headed ogre
  3866 | D:11     | Killed a two-headed ogre
  3866 | D:11     | Reached skill level 7 in Long Blades
  3866 | D:11     | Reached skill level 7 in Axes
  3866 | D:11     | Reached skill level 7 in Maces & Flails
  3866 | D:11     | Reached skill level 7 in Polearms
  3866 | D:11     | Reached skill level 7 in Staves
  3866 | D:11     | Reached skill level 7 in Slings
  3866 | D:11     | Reached skill level 7 in Bows
  3866 | D:11     | Reached skill level 7 in Crossbows
  3866 | D:11     | Reached skill level 7 in Armour
  3866 | D:11     | Reached skill level 7 in Shields
  3866 | D:11     | Reached skill level 7 in Unarmed Combat
  3866 | D:11     | Reached skill level 7 in Spellcasting
  3866 | D:11     | Reached skill level 7 in Evocations
  3978 | D:9      | Found a staircase to the Lair.
  3978 | D:9      | Noticed a death yak
  4067 | D:11     | Reached skill level 6 in Conjurations
  4067 | D:11     | Reached skill level 6 in Hexes
  4067 | D:11     | Reached skill level 6 in Charms
  4067 | D:11     | Reached skill level 6 in Summonings
  4067 | D:11     | Reached skill level 6 in Necromancy
  4067 | D:11     | Reached skill level 6 in Translocations
  4067 | D:11     | Reached skill level 6 in Transmutations
  4067 | D:11     | Reached skill level 6 in Fire Magic
  4067 | D:11     | Reached skill level 6 in Ice Magic
  4067 | D:11     | Reached skill level 6 in Air Magic
  4067 | D:11     | Reached skill level 6 in Earth Magic
  4067 | D:11     | Reached skill level 6 in Poison Magic
  4094 | D:11     | Noticed Nergalle
  4098 | D:11     | Killed Nergalle
  4114 | D:11     | Reached skill level 8 in Invocations
  4192 | D:11     | Noticed Josephine
  4203 | D:11     | Killed Josephine
  4332 | D:12     | Reached skill level 8 in Dodging
  4416 | D:12     | Noticed Azrael
  4421 | D:12     | Killed Azrael
  4421 | D:12     | Reached skill level 9 in Fighting
  4421 | D:12     | Reached skill level 9 in Short Blades
  4421 | D:12     | Reached skill level 9 in Throwing
  4422 | D:12     | Reached XP level 13. HP: 59/101 MP: 18/24
  4466 | D:12     | Noticed Rupert
  4467 | D:12     | Found a frozen archway.
  4489 | D:12     | Killed Rupert
  4498 | IceCv    | Entered an ice cave
  4504 | IceCv    | Reached skill level 11 in Stealth
  4521 | IceCv    | Learned a level 3 spell: Regeneration
  4531 | IceCv    | Learned a level 3 spell: Spectral Weapon
  4534 | IceCv    | Learned a level 2 spell: Song of Slaying
  4535 | IceCv    | Found a transporter.
  4557 | IceCv    | Learned a level 2 spell: Shroud of Golubria
  4579 | IceCv    | HP: 9/101 [ice statue] (2)]
  4581 | IceCv    | Engulfed by an ice statue's freezing vapour

Skill      XL: |  1  2  3  4  5  6  7  8  9 10 11 12 13 |
---------------+----------------------------------------+-----
Invocations    | 1 2 3 4 5 6 7 8 |  8.7
Long Blades    | 1 2 3 4 5 6 7 |  7.9
Axes           | 1 2 3 4 5 6 7 |  7.9
Maces & Flails | 1 2 3 4 5 6 7 |  7.9
Polearms       | 1 2 3 4 5 6 7 |  7.9
Staves         | 1 2 3 4 5 6 7 |  7.9
Slings         | 1 2 3 4 5 6 7 |  7.9
Bows           | 1 2 3 4 5 6 7 |  7.9
Crossbows      | 1 2 3 4 5 6 7 |  7.9
Armour         | 1 2 3 4 5 6 7 |  7.9
Shields        | 1 2 3 4 5 6 7 |  7.9
Unarmed Combat | 1 2 3 4 5 6 7 |  7.9
Spellcasting   | 1 2 3 4 5 6 7 |  7.9
Evocations     | 1 2 3 4 5 6 7 |  7.9
Conjurations   | 1 2 3 4 5 6 |  6.6
Hexes          | 1 2 3 4 5 6 |  6.6
Charms         | 1 2 3 4 5 6 |  6.6
Summonings     | 1 2 3 4 5 6 |  6.6
Necromancy     | 1 2 3 4 5 6 |  6.6
Translocations | 1 2 3 4 5 6 |  6.6
Transmutations | 1 2 3 4 5 6 |  6.6
Fire Magic     | 1 2 3 4 5 6 |  6.6
Ice Magic      | 1 2 3 4 5 6 |  6.6
Air Magic      | 1 2 3 4 5 6 |  6.6
Earth Magic    | 1 2 3 4 5 6 |  6.6
Poison Magic   | 1 2 3 4 5 6 |  6.6
Dodging        | 3 4 5 6 7 8 |  8.4
Stealth        | 8 9 10 11 | 11.0
Fighting       | 5 6 7 8 9 |  9.2
Short Blades   | 5 6 7 8 9 |  9.2
Throwing       | 5 6 7 8 9 |  9.2

Action                   |  1- 3 |  4- 6 |  7- 9 | 10-12 | 13-15 || total
-------------------------+-------+-------+-------+-------+-------++-------
Melee: Dagger            |    55 |    68 |    13 |     8 |     3 ||   147
       Bite              |     7 |    17 |    15 |    43 |    13 ||    95
       Long sword        |       |    65 |       |       |       ||    65
       Falchion          |       |     5 |    68 |       |       ||    73
       Punch             |       |     1 |     3 |     3 |       ||     7
       Flail             |       |       |    60 |       |       ||    60
       War axe           |       |       |    15 |   218 |    40 ||   273
 Fire: Blowgun           |     4 |    20 |       |     5 |       ||    29
       Hunting sling     |       |       |       |     8 |       ||     8
Throw: Tomahawk          |       |     6 |     3 |    30 |     3 ||    42
       Javelin           |       |       |    21 |     9 |     1 ||    31
       Stone             |       |       |       |     2 |       ||     2
 Cast: Olgreb's Toxic Ra |       |       |       |    16 |       ||    16
       Mephitic Cloud    |       |       |       |       |     3 ||     3
       Regeneration      |       |       |       |       |     2 ||     2
       Shroud of Golubri |       |       |       |       |     1 ||     1
       Song of Slaying   |       |       |       |       |     1 ||     1
       Spectral Weapon   |       |       |       |       |     1 ||     1
Invok: Bend Time         |       |       |       |     2 |     1 ||     3
       Slouch            |       |       |       |     5 |       ||     5
Evoke: Wand              |       |       |    26 |    11 |     2 ||    39
  Use: Scroll            |       |     6 |     5 |     9 |       ||    20
       Potion            |       |     2 |     3 |     2 |     3 ||    10
 Stab: Sleeping          |     4 |    22 |     9 |    11 |       ||    46
       Paralysed         |       |       |     2 |     5 |       ||     7
       Distracted        |       |       |       |     1 |       ||     1
       Confused          |       |       |       |       |     1 ||     1
  Eat: Chunk             |       |       |     6 |     4 |       ||    10
       Ration            |       |       |       |       |     1 ||     1
Armor: Robe              |     4 |    27 |     7 |       |       ||    38
       Scale mail        |       |       |    51 |    52 |       ||   103
       Ring mail         |       |       |       |    20 |       ||    20
       Troll leather arm |       |       |       |    29 |    13 ||    42
Dodge: Dodged            |    34 |   102 |   124 |   185 |    40 ||   485
Block: Buckler           |       |       |       |    33 |    22 ||    55
       Rpst.: Long sword |       |    20 |       |       |       ||    20
       Falchion          |       |     1 |    10 |       |       ||    11

Table legend:
 A = Turns spent in this place as a percentage of turns spent in the entire game.
 B = Non-inter-level travel turns spent in this place as a percentage of non-inter-level travel turns spent in the entire game.
 C = Inter-level travel turns spent in this place as a percentage of turns spent in this place.
 D = Turns resting spent in this place as a percentage of non-inter-level travel turns spent in this place.
 E = Turns spent auto-exploring this place as a percentage of non-inter-level travel turns spent in this place.
 F = Non-inter-level travel turns spent in this place divided by the number of levels of this place that you've seen.
                   A       B       C       D       E      F
               +-------+-------+-------+-------+-------+----------------------
         Total | 100.0 | 100.0 |   1.0 |   0.0 |   0.0 | 283.3
       Dungeon |  93.6 |  94.0 |   0.7 |   0.0 |   0.0 | 327.8
        Temple |   1.7 |   1.3 |  25.6 |   0.0 |   0.0 |  58.0
       Ossuary |   2.9 |   2.9 |   0.0 |   0.0 |   0.0 | 131.0
      Ice Cave |   1.8 |   1.8 |   0.0 |   0.0 |   0.0 |  83.0
               +-------+-------+-------+-------+-------+----------------------

Table legend:
 A = Kills in this place as a percentage of kills in entire the game.
 B = Kills by you in this place as a percentage of kills by you in the entire game.
 C = Kills by friends in this place as a percentage of kills by friends in the entire game.
 D = Other kills in this place as a percentage of other kills in the entire game.
 E = Experience gained in this place as a percentage of experience gained in the entire game.
 F = Experience gained in this place divided by the number of levels of this place that you have seen.
                   A       B       C       D       E      F
               +-------+-------+-------+-------+-------+----------------------
         Total | 100.0 | 100.0 |   N/A | 100.0 | 100.0 | 2307.4
       Dungeon |  96.5 |  96.9 |   N/A |   0.0 |  94.8 | 2692.6
      Ice Cave |   3.5 |   3.1 |   N/A | 100.0 |   5.2 | 1915.0
               +-------+-------+-------+-------+-------+----------------------

Vault maps used:
D:1:      scummos_arrival_checkerplants
D:2:      wad_crossroads
D:3:      uniq_grinder
D:4:      vehumet_altar_wand_db, uniq_natasha
D:5:      lemuel_doored_altar, minmay_temple_entry_butterflies, first_ration,
          enter_ossuary_2, saegor_snake_ambush
D:6:      uniq_pikel, uniq_prince_ribbit1
D:7:      led_sif_book, basic_altar, serial_shops, shop, nicolae_shop_trees,
          shop, nicolae_shop_crystal, kennysheep_mini_moat
D:8:      kb_forest_paths, basic_altar, uniq_maurice, uniq_joseph
D:9:      nicolae_tso_swordbearing_angel, dpeg_lair_monsters, grunt_pizzeria,
          lemuel_statue_altar
D:10:     minmay_diamond_stairs
D:11:     orc_0_dummy, basic_altar, st_stairs_10, uniq_josephine, uniq_nergalle
D:12:     portal_ice_cave_entry_pillars_1, nrook_mini_backslash, minivault_13,
          uniq_rupert, uniq_azrael, uniq_urug
D:13:     lightli_vaults_fourway_checkpoint, serial_shops, shop_fountains,
          nicolae_shop_statue_plus, shop, nicolae_shop_stone, elyvilon_altar_5
Temple:   regret_index_temple_mists
Ossuary:  ossuary_due_cavern
IceCv:    ice_cave_statue_garden_teleport
